 Dungeon Crawl Stone Soup version 0.28.0-1-gb440e238dd (webtiles) character file.

Game seed: 5310503222057772404

32 Sanktem7 the Shield-Bearer (level 3, -1/35 HPs)
             Began as a Gnoll Fighter on Feb 26, 2022.
             Slain by a gnoll (7 damage)
             ... on level 2 of the Dungeon.
             The game lasted 00:01:35 (1196 turns).

Sanktem7 the Shield-Bearer (Gnoll Fighter)          Turns: 1196, Time: 00:01:36

Health: -1/35      AC:  7    Str: 17    XL:     3   Next: 25%
Magic:  3/4        EV:  9    Int:  7    God:
Gold:   65         SH:  5    Dex: 11    Spells: 3/3 levels left

rFire   . . .      SeeInvis .   a - +0 flail {mace}
rCold   . . .      Faith    .   c - +0 buckler
rNeg    . . .      Spirit   .   b - +0 scale mail
rPois   .          Reflect  .   (no helmet)
rElec   .          Harm     .   (no cloak)
rCorr   .          Rampage  .   (no gloves)
Will    .....                   (no boots)
Stlth   ..........              (no amulet)
HPRegen 0.11/turn               (no ring)
MPRegen 0.09/turn               (no ring)

@: no status effects
A: fangs 1, strong nose, distributed training
a: no special abilities


You were on level 2 of the Dungeon.
You visited 1 branch of the dungeon, and saw 2 of its levels.

You collected 65 gold pieces.


Innate Abilities, Weirdness & Mutations

You have very sharp teeth.
Your uncanny sense of smell can sniff out nearby items.
Your experience applies equally to all skills.


   Skills:
 + Level 6.5 Fighting
 + Level 0.7 Short Blades
 + Level 0.7 Long Blades
 + Level 0.7 Axes
 + Level 4.5 Maces & Flails
 + Level 0.7 Polearms
 + Level 0.7 Staves
 + Level 0.7 Slings
 + Level 0.7 Bows
 + Level 0.7 Crossbows
 + Level 0.7 Throwing
 + Level 6.5 Armour
 + Level 0.7 Dodging
 + Level 0.7 Stealth
 + Level 6.5 Shields
 + Level 0.7 Unarmed Combat
 + Level 0.7 Spellcasting
 + Level 0.5 Conjurations
 + Level 0.5 Hexes
 + Level 0.5 Summonings
 + Level 0.5 Necromancy
 + Level 0.5 Translocations
 + Level 0.5 Transmutations
 + Level 0.5 Fire Magic
 + Level 0.5 Ice Magic
 + Level 0.5 Air Magic
 + Level 0.5 Earth Magic
 + Level 0.5 Poison Magic
 + Level 0.9 Invocations
 + Level 0.7 Evocations


You had 3 spell levels left.
You didn't know any spells.
Your spell library was empty.

Inventory:

Hand Weapons
 a - a +0 flail (weapon) {mace}
 j - a +1 short sword of flaming {short}
   (You found it on level 1 of the Dungeon)
Missiles
 f - 20 sling bullets
Armour
 b - a +0 scale mail (worn)
 c - a +0 buckler (worn)
 e - a +0 pair of boots
   (You found it on level 1 of the Dungeon)
Jewellery
 k - an amulet of guardian spirit
   (You found it on level 2 of the Dungeon)
Scrolls
 g - a scroll of identify {unknown}
 h - 2 scrolls of amnesia {unknown}
 i - a scroll of fog {unknown}
Potions
 d - a potion of might

Dungeon Overview and Level Annotations

Branches:
Dungeon (2/15)

Altars:

Shops:
D:2 *

Annotations:
D:2 Robin

#.# #.. #.# #<. #.# #.. #.#
#.. #.# #######..
#.########........
#.#...........<...
#g#.######.######. ###@#.#
##.## #. ..#g#.# ##...## #. #
#.#g#.# ##.###.## #. #.#####
#.#S#.# #.## ##.# #.
.......###.#g#.# #.# #.# #.
####..g.##..gg.# #.## ##.###.
....∩.gg.g..K### #..###......
####...S##..######.#...#####.
.....................### #.


You could see 2 gnolls, an adder, 4 goblins and a kobold.


Message History

The goblin shouts!
The gnoll shouts! x2; You hear a shout! x2
The gnoll moves out of view.
You hear an angry hiss. 2 goblins and a gnoll come into view.
The goblin shouts! x2; The gnoll shouts!
Robin and a gnoll come into view.
Robin is wielding a +2 dagger of draining.
Robin shouts!
The gnoll shouts!
You hear a shout! x2
A goblin comes into view. It is wielding a +0 dagger.
The gnoll hits you but does no damage.
Robin roars a battlecry!
The goblins go into a battle-frenzy!
You block the hobgoblin's attack.
You hear a shout! x2
The gnoll barely misses you. The gnoll closely misses you.
A kobold comes into view. It is wielding a +0 short sword.
You closely miss the hobgoblin. The hobgoblin hits you. 😕 HP[-2]
You take 2 damage, and now have 27/29 hp.
You barely miss the hobgoblin. Robin throws the goblin at you!
The hobgoblin hits you but does no damage.
The gnoll hits you but does no damage.
The goblin hits you with a +0 dagger. 😕 HP[-1]
You take 1 damage, and now have 26/29 hp.
You barely miss the hobgoblin. The hobgoblin closely misses you.
The gnoll hits you from afar with a +0 halberd.
The goblin hits you but does no damage. 😕 HP[-4]
You take 4 damage, and now have 22/29 hp.
Unknown command.
An adder comes into view.
The goblin unwields a +0 dagger.
The goblin wields a +0 hunting sling.
The goblin shoots a stone.
The stone closely misses you. 😕 HP[+1]
The hobgoblin hits you. 😮 HP[-5]
You take 5 damage, and now have 18/29 hp.
You sock the hobgoblin!
You kill the hobgoblin!
The gnoll hits you from afar with a +0 halberd. 😮 HP[-3]
You take 3 damage, and now have 15/29 hp.
You block the gnoll's attack.
You barely miss the gnoll. Your bite misses the gnoll.
You block the gnoll's attack. The gnoll closely misses you.
You thump the gnoll! You bite the gnoll, but do no damage.
You block the gnoll's attack. Robin throws the goblin at you!
* * * LOW HITPOINT WARNING * * *
The goblin hits you with a dagger.
* * * LOW HITPOINT WARNING * * *
The gnoll barely misses you.
You hit the gnoll but do no damage. Your bite misses the gnoll.
The goblin no longer looks unusually strong.
The gnoll closely misses you. The goblin hits you but does no damage.
The gnoll barely misses you.
You hit the gnoll but do no damage. The gnoll misses you.
The goblin hits you but does no damage. You block the gnoll's attack.
The gnoll hits you with a +0 club!
* * * LOW HITPOINT WARNING * * *
You thump the gnoll!
You kill the gnoll!
A goblin comes into view. It is wielding a +0 club.
The goblin barely misses you. The gnoll closely misses you.
Robin throws the goblin at you!
You have reached level 3!
Your experience leads to an increase in your attributes!
Increase (S)trength, (I)ntelligence, or (D)exterity?
You feel stronger. x2 😱 HP[-8] MP[+1]
You now have 35 max hp (+6).
You take 8 damage, and now have 7/35 hp.
MASSIVE DAMAGE!! (PAUSE)
Your mp is fully restored (3).
You closely miss the goblin.
The goblin shouts!
The goblin hits you but does no damage. The gnoll closely misses you.
You block the goblin's attack. The goblin hits you but does no damage.
The gnoll barely misses you.
You thump the goblin!
You kill the goblin!
You block the goblin's attack.
A goblin comes into view. It is wielding a +0 dagger.
Robin roars a battlecry!
The goblins go into a battle-frenzy!
The gnoll hits you but does no damage. The goblin barely misses you.
The goblin shouts!
You hear a shout!
Robin throws the goblin at you!
* * * LOW HITPOINT WARNING * * *
The goblin completely misses you.
Things that are here:
a +0 dagger {short}; a goblin corpse; 😱 HP[-2]
You take 2 damage, and now have 5/35 hp.
You barely miss the goblin. The goblin hits you but does no damage.
The goblin barely misses you.
You barely miss the goblin. You block the gnoll's attack.
The goblin hits you but does no damage. x2
You barely miss the goblin. You block the gnoll's attack.
You block the goblin's attack. The goblin hits you but does no damage.
The gnoll hits you from afar with a +0 halberd!
You die...

Action                   || total
-------------------------++-------
Melee: Flail             ||    57
       Bite              ||     4
Armor: Scale mail        ||    34
Dodge: Dodged            ||    29
Block: Buckler           ||    16

Levels and vault maps discovered:
D:1:      dpeg_arrival_rooms_c, layout_basic,
          hellmonk_ecumenical_altar_crossroads
D:2:      layout_loops_ring, serial_shops, shop, uniq_robin

Notes
Turn   | Place    | Note
-------+----------+-------------------------------------------
     0 | D:1      | Sanktem7 the Gnoll Fighter began the quest for the Orb.
     0 | D:1      | Reached XP level 1. HP: 23/23 MP: 1/1
     0 | D:1      | magus.rc [v1.9.6]
    59 | D:1      | Found a faded altar of an unknown god.
   248 | D:1      | Reached XP level 2. HP: 28/29 MP: 2/2
  1160 | D:2      | Found Jarghyc's General Store.
  1169 | D:2      | Noticed Robin
  1189 | D:2      | HP: 5/29 [gnoll (7)]
  1191 | D:2      | Reached XP level 3. HP: 7/35 MP: 3/3
  1196 | D:2      | Slain by a gnoll

Vanquished Creatures
  A gnoll (D:2)
  A dart slug (D:1)
  A ball python (D:1)
  An endoplasm (D:1)
  7 goblins
  3 hobgoblins
  A quokka (D:1)
  2 frilled lizards (D:1)
  A rat (D:1)
18 creatures vanquished.

Table legend:
 A = Non-vault XP
 B = Vault XP
 C = Vault XP percentage of total XP
 D = Non-vault monster count
 E = Vault monster count
 F = Vault count percentage of total count
                 A         B        C        D         E       F
            +---------+---------+-------+---------+---------+-------
      Total |      42 |       4 |   8.7 |      16 |       2 |  11.1
            +---------+---------+-------+---------+---------+-------
        D:1 |      26 |       0 |   0.0 |      14 |       0 |   0.0
        D:2 |      16 |       4 |  20.0 |       2 |       2 |  50.0
            +---------+---------+-------+---------+---------+-------

Illustrated notes

Table legend:
 A = Kills in this place as a percentage of kills in entire the game.
 B = Kills by you in this place as a percentage of kills by you in the entire game.
 C = Kills by friends in this place as a percentage of kills by friends in the entire game.
 D = Other kills in this place as a percentage of other kills in the entire game.
 E = Experience gained in this place as a percentage of experience gained in the entire game.
 F = Experience gained in this place divided by the number of levels of this place that you have seen.
                   A       B       C       D       E      F
               +-------+-------+-------+-------+-------+----------------------
         Total | 100.0 | 100.0 |   N/A |   N/A | 100.0 |  23.0
       Dungeon | 100.0 | 100.0 |   N/A |   N/A | 100.0 |  23.0
               +-------+-------+-------+-------+-------+----------------------

Table legend: (Time is in decaauts)
 A = Elapsed time spent in this place.
 B = Non-inter-level travel time spent in this place.
 C = Inter-level travel time spent in this place.
 D = Time resting spent in this place.
 E = Time spent auto-exploring this place.
 F = Levels seen in this place.
 G = Mean time per level.
                   A        B        C        D        E       F      G
               +--------+--------+--------+--------+--------+-----+--------+
         Total |   1207 |   1176 |     31 |      0 |   1006 |   2 |  603.5 |
       Dungeon |   1207 |   1176 |     31 |      0 |   1006 |   2 |  603.5 |
               +--------+--------+--------+--------+--------+-----+--------+

Top non-repeatable levels by time:
     D:1: 1104 daAuts
     D:2: 103 daAuts
